 Dungeon Crawl Stone Soup version 0.24-a0-335-g06ca16a (webtiles) character file.

Game seed: 3006733800076388921

760 Borgoz the Twirler (level 7, -3/43 HPs)
             Began as a Gargoyle Gladiator on May 19, 2019.
             Was an Initiate of Ashenzari.
             Slain by Prince Ribbit (9 damage)
             ... on level 5 of the Dungeon.
             The game lasted 00:06:44 (4163 turns).

Borgoz the Twirler (Gargoyle Gladiator)             Turns: 4163, Time: 00:06:45

Health: -3/43      AC: 13    Str: 18    XL:     7   Next: 80%
Magic:  0/7        EV: 11    Int:  8    God:    Ashenzari [......]
Gold:   272        SH:  0    Dex: 13    Spells: 6/6 levels left

rFire    . . .     SeeInvis .   a - +0 quarterstaff
rCold    . . .     Gourm    .   (shield currently unavailable)
rNeg     + . .     Faith    .   j - +0 scale mail
rPois    ∞         Spirit   +   c - +0 helmet
rElec    +         Reflect  .   r - +0 cloak
rCorr    .         Harm     .   (no gloves)
MR       .....                  (no boots)
Stlth    ..........             u - amulet of guardian spirit
HPRegen  0.14/turn              n - ring of attention (curse)
MPRegen  0.10/turn              (no ring)

@: heavily drained
A: high mp 1, negative energy resistance 1, electricity resistance, unbreathing,
petrification resistance, rot immunity, MP-powered wands, AC +4
a: Curse Item, Renounce Religion


You were on level 5 of the Dungeon.
You worshipped Ashenzari.
Ashenzari was noncommittal.
You were not hungry.

You visited 2 branches of the dungeon, and saw 7 of its levels.

You collected 272 gold pieces.

Inventory:

Hand Weapons
 a - a +0 quarterstaff (weapon)
 s - a +3 quarterstaff of chaos
Armour
 c - a +0 helmet (worn)
 j - a +0 scale mail (worn)
 r - a +0 cloak (worn)
Jewellery
 h - an uncursed amulet of harm
 n - a cursed ring of attention (left hand)
 u - an amulet of guardian spirit (around neck)
Scrolls
 b - 2 scrolls of noise {unknown}
 e - 2 scrolls of fear
 g - a scroll of fog {unknown}
 k - 3 scrolls of remove curse
 l - a scroll of random uselessness {unknown}
 o - a scroll of identify
 p - a scroll of immolation {unknown}
 w - a scroll of amnesia {unknown}
 x - a scroll of magic mapping {unknown}
 y - a scroll of enchant weapon {unknown}
 A - a scroll of summoning {unknown}
Potions
 i - 2 potions of haste
 m - a potion of mutation
 q - a potion of curing
 t - a potion of flight
 z - a potion of degeneration
Comestibles
 f - 5 rations
 B - 2 chunks of flesh


   Skills:
 + Level 4.2(2.5) Fighting
 * Level 5.6(3.9) Staves
 - Level 1.7(0.2) Throwing
 + Level 3.4(1.7) Armour
 * Level 4.7(3.0) Dodging


You had 6 spell levels left.
You didn't know any spells.
Your spell library contained the following spells:

 Spells                   Type           Power        Failure   Level  Hunger
 Summon Small Mammal      Summ           #...         80%         1    ##.....
 Call Imp                 Summ           #.......     91%         2    ###....
 Call Canine Familiar     Summ           #.......     99%         3    ####...
 Summon Guardian Golem    Hex/Summ       #.......     99%         3    ####...
 Summon Ice Beast         Ice/Summ       #.......     100%        4    #####..
 Summon Lightning Spire   Summ/Air       #.......     100%        4    #####..


Dungeon Overview and Level Annotations

Branches:
Dungeon (6/15)             Temple (1/1) D:5

Altars:
Ashenzari
Cheibriados
Dithmenos
Elyvilon
Fedhas
Hepliaklqana
Makhleb
Nemelex Xobeh
Okawaru
Qazlal
Ru
Trog
Uskayaw
Vehumet
Wu Jian
Xom
Yredelemnul
Zin
The Shining One

Shops:
D:4 (   D:5 =

Annotations:
D:5 Prince Ribbit


Innate Abilities, Weirdness & Mutations

You are resistant to torment.
Your stone body is resilient. (AC +4)
You are immune to poison.
You resist negative energy. (rN+)
You are resistant to electric shocks. (rElec)
You can survive without breathing.
You are immune to petrification.
You are immune to rotting.
You have an increased reservoir of magic. (+10% MP)
You expend magic power (3 MP) to strengthen your wands.


Message History

* * * LOW HITPOINT WARNING * * *
You barely miss Prince Ribbit.
Prince Ribbit is severely wounded.
The leopard gecko misses you. Prince Ribbit completely misses you.
You feel less invigorated.
You feel less confused. Prince Ribbit hits you!
* * * LOW HITPOINT WARNING * * *
You hit Prince Ribbit.
Prince Ribbit is severely wounded.
The leopard gecko closely misses you. Prince Ribbit hits you!
* * * LOW HITPOINT WARNING * * *
The leopard gecko closely misses you.
Throwing (i - inventory)
d - a throwing net (quivered)
Press: ? - help, Shift-Dir - straight line, f - leopard gecko
Aim: a leopard gecko (clinging)
You throw a throwing net.
The throwing net closely misses the leopard gecko.
Prince Ribbit hits you!
You die...

##### #...#
#.#.############
#...(..#.......#
###....#.#####.###
##.l.>.............
#.@F..#.#.##.....##
#.#.....#........#
#.###.#.......#..#
#.# #.#.......#..##
#.###...#..........
#...............#..
#####...#.......#..
#......##...##.#..
#.##..###.#.##.###


You could see Prince Ribbit and a leopard gecko.

Vanquished Creatures
  Sigmund (D:3)
  An ice beast (D:5)
  A phantom (D:5)
  A scorpion (D:5)
  A bullfrog skeleton (D:5)
  An orc priest (D:3)
  3 orc wizards
  Crazy Yiuf (D:3)
  A worker ant (D:4)
  A worker ant zombie (D:5)
  6 adders
  2 oozes (D:3)
  An adder zombie (D:5)
  A worm (D:2)
  4 leopard geckos
  17 orcs
  2 ball pythons
  4 giant cockroaches
  6 goblins
  9 hobgoblins
  6 jackals
  2 quokkas
  6 bats
  3 frilled lizards
  7 kobolds
  12 rats
100 creatures vanquished.

Notes
Turn   | Place    | Note
-------+----------+-------------------------------------------
     0 | D:1      | Borgoz the Gargoyle Gladiator began the quest for the Orb.
     0 | D:1      | Reached XP level 1. HP: 12/12 MP: 1/1
   146 | D:1      | Reached XP level 2. HP: 17/17 MP: 2/2
   349 | D:1      | Reached XP level 3. HP: 21/22 MP: 3/3
   590 | D:1      | Reached skill level 1 in Armour
  1019 | D:2      | Reached XP level 4. HP: 27/27 MP: 4/4
  1453 | D:3      | Reached skill level 4 in Staves
  1458 | D:3      | Reached XP level 5. HP: 7/32 MP: 5/5
  2037 | D:3      | Found a faded altar of an unknown god.
  2041 | D:3      | Noticed Sigmund
  2047 | D:3      | Gained mutation: You have an increased reservoir of magic.
                  | (+10% MP) [potion of mutation]
  2047 | D:3      | Gained mutation: You expend magic power (3 MP) to
                  | strengthen your wands. [potion of mutation]
  2058 | D:3      | Killed Sigmund
  2058 | D:3      | Reached XP level 6. HP: 17/37 MP: 6/6
  2145 | D:3      | Found an iron altar of Okawaru.
  2248 | D:3      | Found a runed translucent door.
  2249 | D:3      | Noticed Crazy Yiuf
  2443 | D:3      | Killed Crazy Yiuf
  2601 | D:4      | Reached skill level 5 in Staves
  2601 | D:4      | Reached XP level 7. HP: 32/42 MP: 7/7
  2990 | D:4      | Found Parirch's Antique Weapon Boutique.
  3123 | D:5      | Entered Level 5 of the Dungeon
  3357 | D:5      | Found Saezuq's Jewellery Shop.
  3474 | D:5      | Found a staircase to the Ecumenical Temple.
  3559 | Temple   | Entered the Ecumenical Temple
  3574 | Temple   | Became a worshipper of Ashenzari the Shackled
  4139 | D:6      | Noticed Prince Ribbit
  4163 | D:5      | Slain by Prince Ribbit

Levels and vault maps discovered:
D:1:      dpeg_arrival_solitude, layout_basic
D:2:      layout_basic
D:3:      layout_basic, lemuel_coloured_pillars_altar,
          chequers_ecumenical_altar_simple, uniq_sigmund,
          uniq_crazy_yiuf_cottage
D:4:      layout_gridville, serial_shops, kennysheep_little_box
D:5:      layout_basic, minmay_temple_entry_sparse_star, first_ration,
          serial_shops, kennysheep_mini_moat
D:6:      layout_cave_pools, uniq_edmund, uniq_prince_ribbit1
Temple:   compressed_dpeg_circular_temple

Skill      XL: |  1  2  3  4  5  6  7 |
---------------+----------------------+-----
Armour         | 1 2 3 |  3.4
Dodging        | 3 4 |  4.7
Staves         | 4 5 |  5.6
Fighting       | 3 4 |  4.2
Throwing       | |  1.7

Action                   |  1- 3 |  4- 6 |  7- 9 || total
-------------------------+-------+-------+-------++-------
Melee: Quarterstaff      |   102 |   150 |   111 ||   363
Throw: Throwing net      |       |     1 |     2 ||     3
  Use: Potion            |       |     2 |     1 ||     3
       Scroll            |       |       |     7 ||     7
 Stab: Sleeping          |     1 |       |       ||     1
       Held in net/web   |       |       |     1 ||     1
  Eat: Chunk             |       |     6 |     1 ||     7
       Ration            |       |       |     1 ||     1
Armor: Leather armour    |    20 |       |       ||    20
       Scale mail        |    20 |    76 |    59 ||   155
Dodge: Dodged            |    73 |    98 |    69 ||   240

Table legend:
 A = Non-vault XP
 B = Vault XP
 C = Vault XP percentage of total XP
 D = Non-vault monster count
 E = Vault monster count
 F = Vault count percentage of total count
                 A         B        C        D         E       F
            +---------+---------+-------+---------+---------+-------
      Total |     825 |     262 |  24.1 |      98 |       2 |   2.0
            +---------+---------+-------+---------+---------+-------
        D:1 |      44 |       0 |   0.0 |      27 |       0 |   0.0
        D:2 |      45 |       0 |   0.0 |      13 |       0 |   0.0
        D:3 |     225 |     262 |  53.8 |      38 |       2 |   5.0
        D:4 |     102 |       0 |   0.0 |      11 |       0 |   0.0
        D:5 |     409 |       0 |   0.0 |       9 |       0 |   0.0
            +---------+---------+-------+---------+---------+-------
